 Dungeon Crawl Stone Soup version 0.25.1-2-g60ff931df9 (webtiles) character file.

Game seed: 5449752658582944496

40173 funkygono the Eclecticist (level 13, 0/64 HPs)
             Began as a Deep Elf Conjurer on Oct 29, 2020.
             Was a High Priest of Vehumet.
             Slain by a komodo dragon (26 damage)
             ... on level 6 of the Lair of Beasts on Oct 30, 2020.
             The game lasted 01:08:37 (22137 turns).

funkygono the Eclecticist (Deep Elf Conjurer)      Turns: 22137, Time: 01:08:38

Health: 0/64       AC: 12    Str:  5    XL:     13   Next: 73%
Magic:  1/36       EV: 17    Int: 34    God:    Vehumet [*****.]
Gold:   1027       SH:  5    Dex: 18    Spells: 5/46 levels left

rFire    . . .     SeeInvis .   r - staff of conjuration
rCold    . . .     Gourm    .   (no shield)
rNeg     + . .     Faith    .   s - +2 robe {MR+}
rPois    .         Spirit   .   J - +2 helmet
rElec    .         Reflect  +   (no cloak)
rCorr    .         Harm     .   M - +2 pair of gloves {Dex+3}
MR       ++...                  (no boots)
Stlth    ++........             v - amulet of reflection
HPRegen  0.20/turn              G - ring of positive energy
MPRegen  0.25/turn              d - +6 ring of intelligence

@: no status effects
A: iridescent scales 1, blurry vision 1, clever 1, wild magic 1
a: Renounce Religion


You were on level 6 of the Lair of Beasts.
You worshipped Vehumet.
Vehumet was extremely pleased with you.
You were hungry.

You visited 2 branches of the dungeon, and saw 17 of its levels.
You also visited: Ossuary.

You collected 1027 gold pieces.

Inventory:

Hand Weapons
 f - a +2 dagger
Missiles
 g - 449 stones (quivered)
Armour
 j - a +2 pair of gloves
 s - a +2 robe of magic resistance (worn)
 J - a +2 helmet (worn)
 M - a +2 pair of gloves of dexterity (worn)
Magical Staves
 k - an uncursed staff of death
 r - an uncursed staff of conjuration (weapon)
 F - an uncursed staff of earth
Jewellery
 d - a +6 ring of intelligence (right hand)
 l - an uncursed ring of flight
 m - an uncursed ring of ice
 t - an uncursed ring of see invisible
 v - an amulet of reflection (around neck)
 G - a ring of positive energy (left hand)
Wands
 o - a wand of digging (6)
 w - a wand of paralysis (18)
 y - a wand of disintegration (21)
 L - a wand of polymorph (17)
Scrolls
 a - 4 scrolls of blinking
 b - 9 scrolls of teleportation
 h - a scroll of fog
 i - 2 scrolls of enchant weapon
 n - a scroll of identify
 p - 13 scrolls of remove curse
 H - a scroll of immolation
 K - a scroll of enchant armour
Potions
 e - 6 potions of curing
 q - 3 potions of stabbing
 u - 3 potions of ambrosia
 x - 2 potions of lignification
 z - 2 potions of might
 B - 2 potions of flight
 C - a potion of mutation
 D - a potion of magic
 E - 3 potions of cancellation
 I - a potion of haste
Comestibles
 c - 34 rations


   Skills:
 + Level 1.0 Fighting
 + Level 1.6 Short Blades
 + Level 1.6 Staves
 + Level 6.6 Dodging
 - Level 2.4 Stealth
 + Level 17.0 Spellcasting
 + Level 13.2 Conjurations
 + Level 4.9 Hexes
 + Level 2.8 Translocations
 + Level 3.3 Transmutations
 + Level 5.7 Fire Magic
 + Level 4.8 Air Magic
 + Level 7.5 Earth Magic
 + Level 9.9 Poison Magic


You had 5 spell levels left.
You knew the following spells:

 Your Spells              Type           Power        Failure   Level  Hunger
a - Magic Dart            Conj           ####         1%          1    None
b - Searing Ray           Conj           ######       1%          2    None
c - Dazzling Flash        Conj/Hex       ######       1%          3    None
d - Fulminant Prism       Conj/Hex       ########..   1%          4    None
e - Iskenderun's Mystic   Conj/Tloc      ########     1%          4    None
f - Foxfire               Conj/Fire      ####         1%          1    None
g - Ignite Poison         Fire/Tmut/Pois #######.     1%          3    None
h - Stone Arrow           Conj/Erth      ######       1%          3    None
i - Olgreb's Toxic Radia  Pois           #######.     1%          4    None
j - Lightning Bolt        Conj/Air       ########..   1%          5    None
k - Starburst             Conj/Fire      ########..   1%          6    None
l - Bolt of Magma         Conj/Fire/Erth ########..   1%          5    None

Your spell library contained the following spells:

 Spells                   Type           Power        Failure   Level  Hunger
 Shock                    Conj/Air       ####         1%          1    None
 Poisonous Vapours        Pois/Air       ######       1%          2    None
 Swiftness                Chrm/Air       ######..     1%          2    None
 Conjure Flame            Conj/Fire      ########     1%          3    None
 Mephitic Cloud           Conj/Pois/Air  ########     1%          3    None
 Static Discharge         Conj/Air       ########     1%          3    None
 Airstrike                Air            ######....   1%          4    None
 Freezing Cloud           Conj/Ice/Air   #######...   7%          6    None
 Ring of Flames           Chrm/Fire      ######....   99%         7    ####...


Dungeon Overview and Level Annotations

Branches:
Dungeon (11/15)            Temple (0/1) D:5            Lair (6/6) D:11
  Swamp (0/4) Lair:3       Spider (0/4) Lair:2        Slime (0/5) Lair:5
    Orc (0/2) D:11        Ossuary (visited)

Altars:
Ashenzari
Cheibriados
Dithmenos
Elyvilon
Fedhas
Hepliaklqana
Makhleb
Nemelex Xobeh
Vehumet
Xom
Yredelemnul
Zin

Shops:
D:4 :   D:6 }

Annotations:
Lair:1 1 runed translucent door, Setanta's ghost, journeyman GnFi
Lair:6 1 transporter, PeterLawrence's ghost, journeyman MiFi


Innate Abilities, Weirdness & Mutations

You are partially covered in iridescent scales. (AC +2)
Scrolls take you a little longer to read.
Your mind is acute. (Int +2)
Your spells are a little harder to cast, but a little more powerful.


Message History

Confirm with . or Enter, or press ? or * to list all spells.
Aiming: Searing Ray (safe; 1% risk of failure)
Press: ? - help, Shift-Dir - straight line, f/p - komodo dragon
Aim: a komodo dragon (lightly wounded)
You feel a surge of power!
The searing ray hits the komodo dragon.
The komodo dragon is moderately wounded. (Press . to maintain the ray.)
The komodo dragon closely misses you.
The searing ray hits the komodo dragon.
The komodo dragon is moderately wounded.
The komodo dragon bites you.
A spiny frog comes into view.
The searing ray hits the komodo dragon!
The komodo dragon is heavily wounded.
The komodo dragon bites you.
The searing ray hits the komodo dragon!
The komodo dragon is heavily wounded.
You finish channeling your searing ray.
The komodo dragon bites you. The komodo dragon bites you!!
You die...

.......
................#
.................
.....P...........
....P.P......[...#....
#(#P.................
##....##...†.........
.#.....#l.......F.....
#.......#@............
##......##............
##.P##.##............
## #......%........
..######...............
.......<....†..........
.......................
...#...P.#####P..P.#.##
# #####.# ###P##.##


You could see a komodo dragon and a spiny frog (wandering).

Vanquished Creatures
  3 death yaks (D:11)
  A queen ant (Lair:2)
  2 two-headed ogres
  A cyclops (D:11)
  6 elephants (Lair:4)
  A manticore (D:11)
  2 black mambas
  22 spiny frogs
  2 molten gargoyles (Lair:4)
  3 komodo dragons
  A rime drake (Lair:2)
  2 trolls
  5 jumping spiders (Lair:2)
  Grinder (D:3)
  3 tyrant leeches (Lair:6)
  5 hippogriffs
  21 blink frogs
  Sigmund (D:4)
  7 redbacks (Lair:2)
  A spriggan (D:7)
  2 wyverns
  24 yaks
  A wraith (D:10)
  2 fire bats (Lair:5)
  3 basilisks
  5 soldier ants (Lair:2)
  6 vampire mosquitoes
  Edmund (D:4)
  An acid dragon (D:11)
  4 wargs
  6 water moccasins
  Duvessa (D:7)
  5 porcupines
  3 orc warriors
  A swamp drake (Lair:3)
  2 sky beasts
  2 phantoms
  3 black bears
  2 ice beasts
  4 centaurs
  7 ogres
  8 wolves
  14 crocodiles
  A big kobold (D:8)
  17 bullfrogs
  An elf zombie (Ossuary)
  2 scorpions
  Dowan (D:7)
  6 killer bees
  11 wights
  3 howler monkeys
  5 crimson imps
  3 centaur zombies
  6 jellies
  5 lava snakes (Lair:4)
  A bullfrog zombie (D:7)
  A human zombie (Ossuary)
  4 orc priests
  9 orc wizards
  2 gnoll shamans
  6 hounds
  Ijyb (D:4)
  4 iguanas
  28 worker ants
  3 big kobold zombies (Ossuary)
  2 hound skeletons
  3 hound zombies
  4 mummies
  2 worker ant zombies
  25 gnolls
  A howler monkey skeleton (D:8)
  11 adders
  A shadow imp (D:6)
  2 oozes (Lair:5)
  10 adder zombies
  An adder skeleton (D:7)
  A worm (D:4)
  2 leopard geckos
  52 orcs
  6 bats
  7 giant cockroaches
  A gnoll zombie (Ossuary)
  4 hobgoblins
  2 jackals (D:5)
  7 quokkas
  2 frilled lizards
  A giant cockroach zombie (D:5)
  7 goblins
  6 goblin zombies (Ossuary)
  4 hobgoblin zombies (Ossuary)
  9 kobolds
  A kobold zombie (Ossuary)
  A leopard gecko zombie (D:8)
  2 orc zombies (Ossuary)
  2 quokka zombies
  5 rats (D:1)
  3 rat zombies (Ossuary)
  A fungus (Lair:3)
505 creatures vanquished.

Vanquished Creatures (others)
  A two-headed ogre (D:11)
  Sonja (D:11)
  Grum (D:11)
  A soldier ant (D:11)
  A wolf (D:11)
  3 centaurs (D:11)
  2 bullfrogs
  A scorpion (D:11)
  2 hounds (D:11)
  A worker ant (D:11)
  An adder (D:11)
  111 foxfires
  13 fulminant prisms
  A fungus (Lair:1)
  22 plants
162 creatures vanquished.

Grand Total: 667 creatures vanquished

Notes
Turn   | Place    | Note
-------+----------+-------------------------------------------
     0 | D:1      | funkygono the Deep Elf Conjurer began the quest for the
                  | Orb.
     0 | D:1      | Reached XP level 1. HP: 10/10 MP: 6/6
   244 | D:1      | Reached XP level 2. HP: 15/15 MP: 6/8
   250 | D:1      | Learned a level 2 spell: Searing Ray
   326 | D:1      | Reached skill level 5 in Conjurations
   684 | D:1      | Reached XP level 3. HP: 19/19 MP: 6/9
   729 | D:1      | Learned a level 3 spell: Dazzling Flash
  1551 | D:2      | Found a glowing silver altar of Zin.
  2009 | D:3      | Reached XP level 4. HP: 15/24 MP: 1/11
  2102 | D:3      | Learned a level 4 spell: Fulminant Prism
  2382 | D:3      | Found a shadowy altar of Dithmenos.
  2589 | D:3      | Found a shattered altar of Ashenzari.
  2592 | D:3      | Noticed Grinder
  2625 | D:3      | Gained mutation: Your spells are a little harder to cast,
                  | but a little more powerful. [potion of mutation]
  2625 | D:3      | Gained mutation: Your mind is acute. (Int +2) [potion of
                  | mutation]
  2625 | D:3      | Gained mutation: Scrolls take you a little longer to read.
                  | [potion of mutation]
  2625 | D:3      | Gained mutation: You are partially covered in iridescent
                  | scales. (AC +2) [potion of mutation]
  2627 | D:3      | Paralysed by Grinder for 5 turns
  2636 | D:3      | Killed Grinder
  2636 | D:3      | Reached skill level 4 in Spellcasting
  2636 | D:3      | Reached XP level 5. HP: 13/28 MP: 0/14
  2636 | D:3      | Reached XP level 6. HP: 15/32 MP: 0/15
  2817 | D:3      | Reached skill level 1 in Short Blades
  2863 | D:3      | Reached skill level 5 in Spellcasting
  3412 | D:4      | Noticed Sigmund
  3532 | D:4      | Found Wum Voqa's Book Shop.
  3553 | D:4      | Reached skill level 6 in Spellcasting
  3553 | D:4      | Reached XP level 7. HP: 36/36 MP: 12/18
  3624 | D:4      | Noticed Ijyb
  3634 | D:4      | Killed Ijyb
  3806 | D:4      | Found a radiant altar of Vehumet.
  3806 | D:4      | Found a white marble altar of Elyvilon.
  3876 | D:4      | Became a worshipper of Vehumet
  3925 | D:4      | Killed Sigmund
  3925 | D:4      | Reached skill level 7 in Spellcasting
  3925 | D:4      | Reached XP level 8. HP: 37/41 MP: 4/21
  4057 | D:4      | Found a hazy altar of Hepliaklqana.
  4136 | D:4      | Learned a level 4 spell: Iskenderun's Mystic Blast
  4266 | D:4      | Reached skill level 1 in Translocations
  4369 | D:4      | Noticed Edmund
  4376 | D:4      | Killed Edmund
  4376 | D:4      | Reached skill level 8 in Spellcasting
  4523 | D:4      | Reached * piety under Vehumet
  4523 | D:4      | Offered knowledge of Foxfire by Vehumet.
  4526 | D:4      | Learned a level 1 spell: Foxfire
  5037 | D:5      | Entered Level 5 of the Dungeon
  5440 | D:5      | Reached skill level 1 in Fire Magic
  5501 | D:5      | Reached skill level 9 in Spellcasting
  5653 | D:5      | Found a staircase to the Ecumenical Temple.
  6171 | D:5      | Found a basalt altar of Yredelemnul.
  6171 | D:5      | Found a sparkling altar of Nemelex Xobeh.
  6315 | D:6      | Found a sand-covered staircase.
  6322 | Ossuary  | Entered an ossuary
  6332 | Ossuary  | Reached XP level 9. HP: 46/46 MP: 19/24
  6352 | Ossuary  | Offered knowledge of Freeze by Vehumet.
  6356 | Ossuary  | Reached ** piety under Vehumet
  6773 | Ossuary  | Offered knowledge of Ignite Poison by Vehumet.
  6778 | Ossuary  | Learned a level 3 spell: Ignite Poison
  7195 | D:6      | Found a snail-covered altar of Cheibriados.
  7352 | D:6      | Found Tejiacat's Gadget Shop.
  7397 | D:6      | Reached *** piety under Vehumet
  7403 | D:6      | Reached skill level 10 in Conjurations
  7626 | D:6      | Reached skill level 10 in Spellcasting
  8631 | D:7      | Offered knowledge of Stone Arrow by Vehumet.
  8898 | D:7      | Reached skill level 11 in Spellcasting
  9030 | D:7      | Noticed Duvessa
  9030 | D:7      | Noticed Dowan
  9033 | D:7      | Killed Dowan
  9037 | D:7      | Killed Duvessa
  9236 | D:7      | Learned a level 3 spell: Stone Arrow
  9304 | D:8      | Reached XP level 10. HP: 51/51 MP: 11/27
  9307 | D:8      | Reached **** piety under Vehumet
  9386 | D:8      | Offered knowledge of Olgreb's Toxic Radiance by Vehumet.
  9392 | D:8      | Learned a level 4 spell: Olgreb's Toxic Radiance
  9630 | D:8      | Learned a level 5 spell: Lightning Bolt
  9716 | D:8      | Noticed a two-headed ogre
  9723 | D:8      | Killed a two-headed ogre
  9723 | D:8      | Reached skill level 1 in Staves
  9723 | D:8      | Reached skill level 1 in Poison Magic
  9824 | D:8      | Found a blossoming altar of Fedhas.
  9826 | D:8      | Found a shimmering altar of Xom.
  9899 | D:8      | Found a burning altar of Makhleb.
 10096 | D:9      | Reached skill level 1 in Earth Magic
 10250 | D:9      | Reached skill level 12 in Spellcasting
 10269 | D:9      | Reached skill level 1 in Air Magic
 10567 | D:9      | Found a shattered altar of Ashenzari.
 10652 | D:9      | Reached ***** piety under Vehumet
 11046 | D:10     | Entered Level 10 of the Dungeon
 11799 | D:11     | Noticed Sonja
 11805 | D:11     | Found a shimmering altar of Xom.
 12049 | D:11     | Killed Grum
 12132 | D:11     | Killed Sonja
 12279 | D:11     | Offered knowledge of Starburst by Vehumet.
 12467 | D:11     | Reached skill level 5 in Dodging
 12525 | D:11     | Killed a two-headed ogre
 12607 | D:11     | Reached XP level 11. HP: 55/55 MP: 18/29
 12895 | D:11     | Noticed a death yak
 13009 | D:11     | Noticed a death yak
 13012 | D:11     | Noticed a death yak
 13014 | D:11     | Killed a death yak
 13014 | D:11     | Reached skill level 5 in Poison Magic
 13015 | D:11     | Killed a death yak
 13015 | D:11     | Reached skill level 13 in Spellcasting
 13017 | D:11     | Killed a death yak
 13025 | D:11     | Learned a level 6 spell: Starburst
 13033 | D:11     | Reached skill level 1 in Transmutations
 13129 | D:11     | Found a staircase to the Orcish Mines.
 13161 | D:11     | Found a staircase to the Lair.
 13167 | D:11     | Noticed a two-headed ogre
 13170 | D:11     | Killed a two-headed ogre
 14204 | Lair:1   | Entered Level 1 of the Lair of Beasts
 15037 | Lair:1   | Found a runed translucent door.
 15037 | Lair:1   | Noticed Setanta's ghost (journeyman GnFi)
 15039 | Lair:1   | Identified the cursed +1 spear of Pomozac {vamp, MR+ Int+4}
 15264 | Lair:2   | Reached skill level 5 in Earth Magic
 15373 | Lair:2   | Reached XP level 12. HP: 60/60 MP: 22/31
 15427 | Lair:2   | Noticed a queen ant
 15432 | Lair:2   | Killed a queen ant
 15432 | Lair:2   | Reached skill level 1 in Fighting
 15774 | Lair:2   | Reached skill level 14 in Spellcasting
 16650 | Lair:2   | Found a hole to the Spider Nest.
 17350 | Lair:3   | Found a staircase to the Swamp.
 17352 | Lair:3   | Reached skill level 15 in Spellcasting
 17362 | Lair:3   | Offered knowledge of Bolt of Magma by Vehumet.
 17369 | Lair:3   | Learned a level 5 spell: Bolt of Magma
 18413 | Lair:3   | Identified a scroll of acquirement
 18415 | Lair:3   | Acquired an uncursed staff of conjuration
 19290 | Lair:4   | Reached XP level 13. HP: 64/64 MP: 30/34
 20411 | Lair:5   | Reached skill level 16 in Spellcasting
 20411 | Lair:5   | Reached skill level 5 in Fire Magic
 20569 | Lair:5   | Found a staircase to the Slime Pits.
 21084 | Lair:6   | Entered Level 6 of the Lair of Beasts
 21084 | Lair:6   | Found a transporter.
 21084 | Lair:6   | Noticed PeterLawrence's ghost (journeyman MiFi)
 21142 | Lair:5   | HP: 1/64 [spiny frog (4)]
 22114 | Lair:6   | Reached skill level 17 in Spellcasting
 22137 | Lair:6   | Slain by a komodo dragon

Illustrated notes

Levels and vault maps discovered:
D:1:      minmay_arrival_floating_metal, layout_loops_cross
D:2:      layout_loops_ring, lemuel_coloured_pillars_altar
D:3:      layout_loops_ring, nicolae_overflow_crystal_walls,
          grunt_dithmenos_smoke_and_mirrors, first_ration, st_stairs_3,
          uniq_grinder
D:4:      layout_basic, lemuel_doored_altar, grunt_temple_overflow_open,
          serial_shops, nicolae_shop_stone, uniq_ijyb, uniq_edmund, uniq_sigmund
D:5:      layout_basic, gammafunk_temple_overflow_elements,
          minmay_temple_entry_waves
D:6:      layout_loops_ring, slow_altar_2, lightli_ossuary_entry_decrepit_ruins,
          serial_shops, nicolae_shop_waterfront
D:7:      layout_cave_pods, serial_bayou_pond_d, the_bakery, uniq_duvessa
D:8:      layout_rooms, kennysheep_little_box,
          chequers_temple_overflow_statue_of_worship,
          ebering_dispersal_statue_hall
D:9:      layout_cross, evilmike_ruin_ashenzari
D:10:     layout_irregular_city, chequers_serial_rivers_small_a
D:11:     layout_basic, dpeg_lair_monsters, minmay_orc_entry_guard_dogs,
          xom_confusion_cloud, uniq_grum, uniq_sonja
Lair:1:   layout_small_grid, ebering_ghost_funeral_grove, lemuel_fruit_fields,
          serial_bayou_shore_b
Lair:2:   layout_cave_pods, nicolae_spider_entry_tight_spaces,
          columned_hall_lemuel, minmay_another_anthill
Lair:3:   layout_gridlike, minmay_swamp_entry_reptiles
Lair:4:   cheibrodos_magma_flow, layout_cave_pods
Lair:5:   layout_gridlike, nicolae_slime_entry_slimehenge
Lair:6:   minmay_lair_end_frog_pond, layout_regular_city, gammafunk_ghost_arena,
          dpeg_oklob_1

Skill      XL: |  1  2  3  4  5  6  7  8  9 10 11 12 13 |
---------------+----------------------------------------+-----
Conjurations   | 5 6 7 9 11 12 13 | 13.2
Dodging        | 3 4 5 6 |  6.6
Spellcasting   | 4 6 7 9 11 12 13 15 17 | 17.0
Hexes          | 2 3 4 |  4.9
Short Blades   | 1 |  1.6
Translocations | 2 |  2.8
Fire Magic     | 1 2 3 4 5 |  5.7
Staves         | 1 |  1.6
Poison Magic   | 4 7 8 9 |  9.9
Earth Magic    | 3 5 7 |  7.5
Air Magic      | 1 4 |  4.8
Transmutations | 1 2 3 |  3.3
Fighting       | 1 |  1.0
Stealth        | |  2.4

Action                   |  1- 3 |  4- 6 |  7- 9 | 10-12 | 13-15 || total
-------------------------+-------+-------+-------+-------+-------++-------
Melee: Dagger            |     1 |       |       |       |       ||     1
       Staff             |       |     5 |    25 |    25 |    12 ||    67
 Cast: Magic Dart        |    39 |    55 |   190 |   165 |    29 ||   478
       Searing Ray       |     8 |    13 |    86 |    51 |    16 ||   174
       Fulminant Prism   |       |     1 |    10 |     2 |       ||    13
       Foxfire           |       |       |    43 |    19 |       ||    62
       Dazzling Flash    |       |       |     1 |       |       ||     1
       Iskenderun's Myst |       |       |     1 |       |       ||     1
       Lightning Bolt    |       |       |       |    40 |     6 ||    46
       Olgreb's Toxic Ra |       |       |       |    44 |    22 ||    66
       Ignite Poison     |       |       |       |    42 |    30 ||    72
       Stone Arrow       |       |       |       |   112 |     2 ||   114
       Bolt of Magma     |       |       |       |     4 |    19 ||    23
       Starburst         |       |       |       |     1 |     4 ||     5
  Use: Scroll            |     7 |     1 |    12 |    11 |     3 ||    34
       Potion            |       |     3 |       |       |     3 ||     6
  Eat: Chunk             |     1 |     3 |    11 |    24 |     1 ||    40
       Ration            |     1 |       |     2 |     2 |     2 ||     7
Armor: Robe              |     2 |     5 |    23 |    32 |     8 ||    70
Dodge: Dodged            |     8 |    11 |    38 |    97 |    51 ||   205
Block: Other             |       |       |    20 |    23 |    14 ||    57
       Reflection        |       |       |     1 |     6 |       ||     7
